Marlies vs Rockets

Created - 13 janvier 2022 at 17:12

Goals
1 2 3 T
Marlies 0 0 1 1
Rockets 1 0 1 2
Shots
1 2 3 T
Marlies 11 7 6 24
Rockets 11 9 16 36

GoalsPenalties
1st period
1. Rockets , K'Andre Miller 8 (Ryan McGregor 9, Jonathan Ericsson 14) at 7:54
Devante Stephens (TOR) for Boarding (Minor) at 5:46
Justin Dowling (LAV) for Tripping (Minor) at 18:31
2nd period
No Goal
Arnaud Durandeau (TOR) for Roughing (Minor) at 0:08
Brett Leason (LAV) for Interference (Minor) at 14:31
3rd period
2. Marlies , Shane Bowers 7 (Arnaud Durandeau 13, Nikita Okhotiuk 11) at 2:36
3. Rockets , Tobias Bjornfot 6 (Nolan Foote 18) at 13:03 (PP)
Frederik Gauthier (TOR) for Cross-checking (Minor) at 2:37
Michael McLeod (LAV) for Hooking (Minor) at 10:31
Nikita Okhotiuk (TOR) for Hooking (Minor) at 12:51
Jonas Siegenthaler (LAV) for Roughing (Minor) at 16:15
Goalie Stats
Adam Werner (TOR), 34 saves from 36 shots - (0,944), L, 11-12-0, 60:00 minutes
Cayden Primeau (LAV), 23 saves from 24 shots - (0,958), W, 21-5-3, 60:00 minutes
3 StarsOfficial
1 - Tobias Bjornfot (LAV)
2 - Adam Werner (TOR)
3 - K'Andre Miller (LAV)
Referees : Brad Watson and Evgeny Romasko
Linesman : Ryan Galloway and Andy McElman
Game Note
No Game Note
Finance
Level 1 -- Attendance: 1309 (65,45%) -- Ticket Income 45 815 $
Level 2 -- Attendance: 885 (88,50%) -- Ticket Income 13 275 $
Total Attendance: 2194 (73,13%)
Total Ticket Income: 59 090 $
Other Income: 28 954 $
Total Income: 88 044 $



Team Name Goals Shots Shots Attemp Shots Blocked PIM HIT PP PK FO%
Marlies 12450158270 / 4 (0%)137%
Rockets 2368278231 / 4 (25%)063%

Marlies
Player Name POS G A P +/- PIM HIT SHT SB MP PP MP PP SHT PK MP PK SHT FO% FOT
Arnaud DurandeauLW0110210111:083:3600:0000% 0
Cody GoloubefD0000050521:293:3102:3200% 0
Dennis CholowskiD0000001123:393:2003:3200% 0
Devante StephensD0000210016:580:4301:5000% 0
Frederik GauthierC/RW0000212018:083:3700:00041% 22
Gabriel BourqueLW/RW0000010014:190:0000:0000% 0
Jonathan GrudenLW000000117:320:0000:0000% 1
Kyle CliffordLW0000043017:320:0003:00033% 3
Mitchell StephensC0000000013:230:0003:00055% 11
Nikita OkhotiukD0110220215:080:4300:0000% 0
Oskar SteenC/LW/RW0000022013:100:0002:47025% 4
Parker KellyC/LW/RW0000004017:373:5700:0000% 0
Philipp KurashevLW/RW0000004120:443:5712:47040% 5
Rhett GardnerC0000000010:230:0000:000100% 1
Samuel MorinLW/D0000053421:323:2011:2500% 0
Shane BowersC1010012011:413:3700:00022% 18
Trevor CarrickD0000010021:123:3102:1500% 0
Ty DellandreaC0000032018:123:5700:00037% 27
Rockets
Player Name POS G A P +/- PIM HIT SHT SB MP PP MP PP SHT PK MP PK SHT FO% FOT
Brett LeasonLW/RW0000222016:443:1900:00067% 3
Carl GrundstromRW0000016020:433:1903:46167% 6
Damien GirouxC000000005:080:0000:00071% 7
Gaetan HaasC000-1012018:462:2813:46059% 22
Jack RathboneD0000020022:333:4003:5500% 0
Jayden HalbgewachsC/LW0001011014:360:0000:00050% 2
Jonas SiegenthalerD0000202221:172:0702:4400% 0
Jonathan EricssonD0110010218:530:0003:3900% 0
Justin AbdelkaderLW/RW000002207:120:0001:1700% 0
Justin DowlingC0001213014:350:0000:00075% 12
K'Andre MillerD1010021218:522:0700:0000% 0
Michael McLeodC/RW000-1233018:152:2802:3100% 0
Mikko KokkonenD0000010015:510:0000:5500% 0
Nolan FooteLW011-1003019:562:2800:00025% 4
Riley TufteLW000000000:000:0000:0000% 0
Ryan McGregorC0111012014:360:0000:0000% 0
Shane PintoC0000006021:303:1923:48064% 36
Tobias BjornfotD1010053122:333:4033:5500% 0

Marlies

5 vs 5 Forward
Line #Left WingCenterRight WingPHYDFOFWanted %Time %Time Play
1Philipp KurashevTy DellandreaParker Kelly1223029%13:28
2Kyle CliffordFrederik GauthierGabriel Bourque1223031%14:19
3Rhett GardnerMitchell StephensOskar Steen1222423%10:23
4Arnaud DurandeauShane BowersJonathan Gruden1221616%7:32
5 vs 5 Defense
Line #DefenseDefensePHYDFOFWanted %Time %Time Play
1Dennis CholowskiSamuel Morin1223026%11:41
2Cody GoloubefTrevor Carrick1223033%15:14
3Nikita OkhotiukDevante Stephens1222432%14:26
4Dennis CholowskiSamuel Morin1221610%4:21
Power Play Forward
Line #Left WingCenterRight WingPHYDFOFWanted %Time %Time Play
1Parker KellyTy DellandreaPhilipp Kurashev1225052%3:57
2Arnaud DurandeauShane BowersFrederik Gauthier1225048%3:37
Power Play Defense
Line #DefenseDefensePHYDFOFWanted %Time %Time Play
1Dennis CholowskiSamuel Morin1225044%3:20
2Cody GoloubefTrevor Carrick1225056%4:14
Penalty Kill 4 Players Forward
Line #CenterWingPHYDFOFWanted %Time %Time Play
1Mitchell StephensKyle Clifford1225052%3:00
2Oskar SteenPhilipp Kurashev1225048%2:47
Penalty Kill 4 Players Defense
Line #DefenseDefensePHYDFOFWanted %Time %Time Play
1Dennis CholowskiDevante Stephens1225061%3:32
2Cody GoloubefTrevor Carrick1225039%2:15
Penalty Kill 3 Players
Line #WingPHYDFOFWanted %Time %Time PlayDefenseDefensePHYDFOFWanted %Time %Time Play
1Ty Dellandrea122500%0:00 Dennis CholowskiSamuel Morin122500%0:00
2Frederik Gauthier122500%0:00 Cody GoloubefTrevor Carrick122500%0:00
4 vs 4 Forward
Line #CenterWingPHYDFOFWanted %Time %Time Play
1Ty DellandreaParker Kelly1225055%0:12
2Frederik GauthierKyle Clifford1225045%0:10
4 vs 4 Defense
Line #DefensePHYDFOFWanted %Time %Time Play
1Dennis CholowskiSamuel Morin1225045%50% - 0:10
2Cody GoloubefTrevor Carrick1225055%50% - 0:12
Last Minutes Offensive
Left WingCenterRight WingDefenseDefense
Kyle CliffordTy DellandreaFrederik GauthierDennis CholowskiSamuel Morin
Last Minutes Defensive
Left WingCenterRight WingDefenseDefense
Kyle CliffordTy DellandreaFrederik GauthierDennis CholowskiSamuel Morin
Time
Total ForwardTotal DefenseLast Minutes OffensiveLast Minutes Defensive
60:00 60:00 0:350:00
Extra Forwards
Normal PowerPlayPenalty Kill
Shane Bowers, Philipp Kurashev, Rhett GardnerShane Bowers, Philipp KurashevRhett Gardner
Extra Defensemen
Normal PowerPlayPenalty Kill
Nikita Okhotiuk, Devante Stephens, Cody GoloubefNikita Okhotiuk, Devante StephensCody Goloubef
Penalty Shots
Ty Dellandrea, Frederik Gauthier, Kyle Clifford, Parker Kelly, Rhett Gardner
Goalie
Adam Werner, Alex D'Orio
Custom OT Lines Forwards
Ty Dellandrea, Frederik Gauthier, Kyle Clifford, Parker Kelly, Rhett Gardner, Mitchell Stephens, Samuel Morin, Oskar Steen, Shane Bowers, Arnaud Durandeau
Custom OT Lines Defensemen
Dennis Cholowski, Samuel Morin, Cody Goloubef, Trevor Carrick, Nikita Okhotiuk
Scratches
German Rubtsov (Healthy), Curtis Hall (Healthy), Damien Riat (Healthy), Reilly Walsh (Healthy), Vladislav Kolyachonok (Healthy) Will Reilly (Healthy), Jakub Skarek (Healthy), Felix Sandstrom (Healthy), Kevin Mandolese (Healthy)

Rockets

5 vs 5 Forward
Line #Left WingCenterRight WingPHYDFOFWanted %Time %Time Play
1Brett LeasonShane PintoCarl Grundstrom0233030%13:26
2Nolan FooteGaetan HaasMichael McLeod0233027%12:20
3Jayden HalbgewachsJustin DowlingRyan McGregor1222432%14:36
4Nolan FooteDamien GirouxJustin Abdelkader1221611%5:08
5 vs 5 Defense
Line #DefenseDefensePHYDFOFWanted %Time %Time Play
1K'Andre MillerJonathan Ericsson0233433%14:49
2Jack RathboneTobias Bjornfot0323332%14:46
3Jonas SiegenthalerMikko Kokkonen0323332%14:41
4K'Andre MillerJonas Siegenthaler12203%1:14
Power Play Forward
Line #Left WingCenterRight WingPHYDFOFWanted %Time %Time Play
1Brett LeasonShane PintoCarl Grundstrom0145057%3:19
2Nolan FooteGaetan HaasMichael McLeod0145043%2:28
Power Play Defense
Line #DefenseDefensePHYDFOFWanted %Time %Time Play
1K'Andre MillerJonas Siegenthaler0145037%2:07
2Jack RathboneTobias Bjornfot0145063%3:40
Penalty Kill 4 Players Forward
Line #CenterWingPHYDFOFWanted %Time %Time Play
1Shane PintoMichael McLeod0505050%3:48
2Carl GrundstromGaetan Haas0505050%3:46
Penalty Kill 4 Players Defense
Line #DefenseDefensePHYDFOFWanted %Time %Time Play
1Jonathan EricssonJonas Siegenthaler0505048%3:39
2Jack RathboneTobias Bjornfot0505052%3:55
Penalty Kill 3 Players
Line #WingPHYDFOFWanted %Time %Time PlayDefenseDefensePHYDFOFWanted %Time %Time Play
1Michael McLeod050500%0:00 Jonathan EricssonJonas Siegenthaler050500%0:00
2Gaetan Haas050500%0:00 Jack RathboneTobias Bjornfot050500%0:00
4 vs 4 Forward
Line #CenterWingPHYDFOFWanted %Time %Time Play
1Shane PintoMichael McLeod0235045%0:10
2Gaetan HaasCarl Grundstrom0235055%0:12
4 vs 4 Defense
Line #DefensePHYDFOFWanted %Time %Time Play
1K'Andre MillerJonathan Ericsson0235045%50% - 0:10
2Jack RathboneTobias Bjornfot0235055%50% - 0:12
Last Minutes Offensive
Left WingCenterRight WingDefenseDefense
Justin AbdelkaderShane PintoMichael McLeodK'Andre MillerJack Rathbone
Last Minutes Defensive
Left WingCenterRight WingDefenseDefense
Justin AbdelkaderShane PintoMichael McLeodK'Andre MillerJonas Siegenthaler
Time
Total ForwardTotal DefenseLast Minutes OffensiveLast Minutes Defensive
60:00 60:00 0:000:47
Extra Forwards
Normal PowerPlayPenalty Kill
Riley Tufte, Justin Dowling, Justin AbdelkaderRiley Tufte, Justin DowlingJustin Abdelkader
Extra Defensemen
Normal PowerPlayPenalty Kill
K'Andre Miller, Jonathan Ericsson, Mikko KokkonenJonas Siegenthaler, Jonathan EricssonMikko Kokkonen
Penalty Shots
Shane Pinto, Michael McLeod, Carl Grundstrom, Gaetan Haas, Justin Abdelkader
Goalie
Cayden Primeau, Adam Huska
Custom OT Lines Forwards
Shane Pinto, Michael McLeod, Carl Grundstrom, Gaetan Haas, Justin Abdelkader, Brett Leason, Riley Tufte, Justin Dowling, Nolan Foote, Damien Giroux
Custom OT Lines Defensemen
K'Andre Miller, Jonas Siegenthaler, Jack Rathbone, Tobias Bjornfot, Jonathan Ericsson
Scratches
Lucas Carlsson (Healthy), Keaton Middleton (Healthy), Teemu Kivihalme (Healthy), Josh Brook (Healthy), Antoine Morand (Healthy) Jesper Lindgren (Healthy), Lassi Thomson (Healthy), Olle Eriksson Ek (Healthy), Tyler Parsons (Healthy)


Play-by-Play

1st period


0:01 of 1st period - Shane Pinto wins face-off versus Ty Dellandrea in neutral zone.
0:22 of 1st period - Shot by Brett Leason.
0:22 of 1st period - Stopped by Adam Werner without a rebound.
0:23 of 1st period - Gaetan Haas wins face-off versus Frederik Gauthier in Marlies zone.
1:58 of 1st period - Shot by Justin Dowling.
1:58 of 1st period - Stopped by Adam Werner with a rebound.
2:12 of 1st period - K'Andre Miller is hit by Oskar Steen and loses puck.
2:34 of 1st period - Icing by Nikita Okhotiuk.
2:35 of 1st period - Mitchell Stephens wins face-off versus Damien Giroux in Marlies zone.
3:02 of 1st period - Shot by Justin Abdelkader.
3:02 of 1st period - Stopped by Adam Werner without a rebound.
3:03 of 1st period - Ty Dellandrea wins face-off versus Shane Pinto in Marlies zone.
3:13 of 1st period - Icing by K'Andre Miller.
3:14 of 1st period - Shane Bowers wins face-off versus Shane Pinto in Rockets zone.
3:18 of 1st period - Icing by Shane Pinto.
3:19 of 1st period - Shane Bowers wins face-off versus Carl Grundstrom in Rockets zone.
3:31 of 1st period - Carl Grundstrom is hit by Shane Bowers and loses puck.
3:41 of 1st period - Shot by Brett Leason.
3:41 of 1st period - Stopped by Adam Werner with a rebound.
3:43 of 1st period - Shot by Shane Pinto.
3:43 of 1st period - Stopped by Adam Werner with a rebound.
3:45 of 1st period - Shot by Carl Grundstrom.
3:45 of 1st period - Shot Blocked by Samuel Morin.
3:47 of 1st period - Shot by K'Andre Miller.
3:47 of 1st period - Shot Misses the Net.
3:49 of 1st period - Shot by Shane Pinto.
3:49 of 1st period - Shot Misses the Net.
3:51 of 1st period - Shot by K'Andre Miller.
3:51 of 1st period - Shot Blocked by Dennis Cholowski.
3:56 of 1st period - Icing by Dennis Cholowski.
3:57 of 1st period - Gaetan Haas wins face-off versus Shane Bowers in Marlies zone.
3:58 of 1st period - Shot by Michael McLeod.
3:58 of 1st period - Shot Blocked by Samuel Morin.
4:00 of 1st period - Shot by Mikko Kokkonen.
4:00 of 1st period - Shot Misses the Net.
4:02 of 1st period - Shot by Jonas Siegenthaler.
4:02 of 1st period - Shot Blocked by Jonathan Gruden.
4:04 of 1st period - Shot by Nolan Foote.
4:04 of 1st period - Stopped by Adam Werner without a rebound.
4:05 of 1st period - Justin Dowling wins face-off versus Ty Dellandrea in Marlies zone.
4:05 of 1st period - Jonas Siegenthaler is hit by Cody Goloubef.
4:35 of 1st period - Shot by Justin Dowling.
4:35 of 1st period - Shot Blocked by Cody Goloubef.
4:50 of 1st period - Icing by Philipp Kurashev.
4:51 of 1st period - Gaetan Haas wins face-off versus Ty Dellandrea in Marlies zone.
5:19 of 1st period - Michael McLeod is hit by Samuel Morin and loses puck.
5:35 of 1st period - Shot by Kyle Clifford.
5:35 of 1st period - Stopped by Cayden Primeau without a rebound.
5:36 of 1st period - Brett Leason wins face-off versus Shane Bowers in Rockets zone.
5:46 of 1st period - Minor Penalty to Devante Stephens for Boarding.
5:47 of 1st period - Shane Pinto wins face-off versus Mitchell Stephens in Marlies zone.
5:48 of 1st period - Shot by K'Andre Miller.
5:48 of 1st period - Shot Misses the Net.
5:50 of 1st period - Shot by Shane Pinto.
5:50 of 1st period - Stopped by Adam Werner without a rebound.
5:51 of 1st period - Brett Leason wins face-off versus Mitchell Stephens in Marlies zone.
7:03 of 1st period - Shot by Jack Rathbone.
7:03 of 1st period - Shot Blocked by Samuel Morin.
7:05 of 1st period - Shot by Michael McLeod.
7:05 of 1st period - Shot Misses the Net.
7:52 of 1st period - Shot by Ryan McGregor.
7:52 of 1st period - Shot Misses the Net.
7:54 of 1st period - Shot by K'Andre Miller.
7:54 of 1st period - Goal by K'Andre Miller - Marlies : 0 - Rockets : 1.
7:55 of 1st period - Justin Dowling wins face-off versus Philipp Kurashev in neutral zone.
8:41 of 1st period - Icing by Jonas Siegenthaler.
8:42 of 1st period - Justin Dowling wins face-off versus Shane Bowers in Rockets zone.
9:11 of 1st period - Icing by Devante Stephens.
9:12 of 1st period - Damien Giroux wins face-off versus Shane Bowers in Marlies zone.
9:12 of 1st period - Damien Giroux is hit by Nikita Okhotiuk.
9:18 of 1st period - Shot by K'Andre Miller.
9:18 of 1st period - Shot Blocked by Arnaud Durandeau.
9:27 of 1st period - Icing by Nikita Okhotiuk.
9:28 of 1st period - Shane Pinto wins face-off versus Shane Bowers in Marlies zone.
10:37 of 1st period - Shot by Nolan Foote.
10:37 of 1st period - Stopped by Adam Werner without a rebound.
10:38 of 1st period - Philipp Kurashev wins face-off versus Jayden Halbgewachs in Marlies zone.
10:38 of 1st period - Philipp Kurashev is hit by Jayden Halbgewachs.
10:52 of 1st period - Jayden Halbgewachs is hit by Ty Dellandrea and loses puck.
11:03 of 1st period - Shot by Philipp Kurashev.
11:03 of 1st period - Shot Misses the Net.
11:07 of 1st period - Shot by Philipp Kurashev.
11:07 of 1st period - Shot Misses the Net.
11:09 of 1st period - Shot by Philipp Kurashev.
11:09 of 1st period - Stopped by Cayden Primeau with a rebound.
11:46 of 1st period - Icing by Jonas Siegenthaler.
11:47 of 1st period - Frederik Gauthier wins face-off versus Gaetan Haas in Rockets zone.
11:50 of 1st period - Shot by Kyle Clifford.
11:50 of 1st period - Stopped by Cayden Primeau without a rebound.
11:51 of 1st period - Damien Giroux wins face-off versus Frederik Gauthier in Rockets zone.
11:51 of 1st period - Damien Giroux is hit by Kyle Clifford.
12:25 of 1st period - Shot by Gabriel Bourque.
12:25 of 1st period - Shot Misses the Net.
12:27 of 1st period - Shot by Samuel Morin.
12:27 of 1st period - Stopped by Cayden Primeau without a rebound.
12:28 of 1st period - Shane Pinto wins face-off versus Mitchell Stephens in Rockets zone.
12:33 of 1st period - Shot by Mikko Kokkonen.
12:33 of 1st period - Deflect By Carl Grundstrom.
12:33 of 1st period - Shot Misses the Net.
14:22 of 1st period - Shot by Frederik Gauthier.
14:22 of 1st period - Stopped by Cayden Primeau with a rebound.
14:24 of 1st period - Shot by Dennis Cholowski.
14:24 of 1st period - Shot Blocked by K'Andre Miller.
14:26 of 1st period - Shot by Gabriel Bourque.
14:26 of 1st period - Shot Blocked by Jonathan Ericsson.
14:28 of 1st period - Shot by Frederik Gauthier.
14:28 of 1st period - Shot Blocked by K'Andre Miller.
14:30 of 1st period - Shot by Samuel Morin.
14:30 of 1st period - Shot Misses the Net.
14:32 of 1st period - Shot by Dennis Cholowski.
14:32 of 1st period - Stopped by Cayden Primeau without a rebound.
14:33 of 1st period - Justin Dowling wins face-off versus Shane Bowers in Rockets zone.
15:06 of 1st period - Shot by Samuel Morin.
15:06 of 1st period - Stopped by Cayden Primeau without a rebound.
15:07 of 1st period - Damien Giroux wins face-off versus Frederik Gauthier in Rockets zone.
15:22 of 1st period - Shot by Frederik Gauthier.
15:22 of 1st period - Stopped by Cayden Primeau without a rebound.
15:23 of 1st period - Ty Dellandrea wins face-off versus Brett Leason in Rockets zone.
15:23 of 1st period - Parker Kelly is hit by Tobias Bjornfot and loses puck.
15:30 of 1st period - Shot by Philipp Kurashev.
15:30 of 1st period - Shot Misses the Net.
15:36 of 1st period - Shot by Ty Dellandrea.
15:36 of 1st period - Stopped by Cayden Primeau with a rebound.
15:44 of 1st period - Shot by Philipp Kurashev.
15:44 of 1st period - Stopped by Cayden Primeau without a rebound.
15:45 of 1st period - Frederik Gauthier wins face-off versus Justin Dowling in Rockets zone.
15:45 of 1st period - Trevor Carrick is hit by Jonathan Ericsson and loses puck.
15:55 of 1st period - Frederik Gauthier is hit by K'Andre Miller and loses puck.
15:58 of 1st period - Shot by Kyle Clifford.
15:58 of 1st period - Shot Misses the Net.
16:00 of 1st period - Shot by Trevor Carrick.
16:00 of 1st period - Shot Misses the Net.
16:07 of 1st period - K'Andre Miller is hit by Trevor Carrick and loses puck.
16:23 of 1st period - Shot by Gabriel Bourque.
16:23 of 1st period - Shot Misses the Net.
16:25 of 1st period - Shot by Frederik Gauthier.
16:25 of 1st period - Shot Misses the Net.
16:49 of 1st period - Shot by Mitchell Stephens.
16:49 of 1st period - Shot Misses the Net.
16:51 of 1st period - Shot by Dennis Cholowski.
16:51 of 1st period - Shot Blocked by Jonas Siegenthaler.
16:53 of 1st period - Shot by Oskar Steen.
16:53 of 1st period - Stopped by Cayden Primeau without a rebound.
16:54 of 1st period - Shane Pinto wins face-off versus Ty Dellandrea in Rockets zone.
17:29 of 1st period - Carl Grundstrom is hit by Devante Stephens and loses puck.
17:32 of 1st period - Shot by Carl Grundstrom.
17:32 of 1st period - Stopped by Adam Werner with a rebound.
17:34 of 1st period - Shot by Shane Pinto.
17:34 of 1st period - Shot Blocked by Philipp Kurashev.
17:36 of 1st period - Shot by Carl Grundstrom.
17:36 of 1st period - Stopped by Adam Werner without a rebound.
17:37 of 1st period - Gaetan Haas wins face-off versus Frederik Gauthier in Marlies zone.
17:47 of 1st period - Gaetan Haas is hit by Samuel Morin and loses puck.
18:02 of 1st period - Shot by Nolan Foote.
18:02 of 1st period - Deflect By Gaetan Haas.
18:02 of 1st period - Shot Misses the Net.
18:31 of 1st period - Minor Penalty to Justin Dowling for Tripping.
18:32 of 1st period - Carl Grundstrom wins face-off versus Ty Dellandrea in Rockets zone.
Goals for this period are 0 for Marlies vs 1 for Rockets.
Shots for this period are 11 for Marlies vs 11 for Rockets.

2nd period


0:01 of 2nd period - Shane Pinto wins face-off versus Shane Bowers in neutral zone.
0:08 of 2nd period - Minor Penalty to Arnaud Durandeau for Roughing.
0:09 of 2nd period - Gaetan Haas wins face-off versus Ty Dellandrea in Marlies zone.
0:16 of 2nd period - Shot by Carl Grundstrom.
0:16 of 2nd period - Stopped by Adam Werner without a rebound.
0:17 of 2nd period - Shane Pinto wins face-off versus Frederik Gauthier in Marlies zone.
0:24 of 2nd period - Shot by Michael McLeod.
0:24 of 2nd period - Shot Blocked by Samuel Morin.
0:26 of 2nd period - Shot by Michael McLeod.
0:26 of 2nd period - Deflect By Shane Pinto.
0:26 of 2nd period - Stopped by Adam Werner without a rebound.
0:27 of 2nd period - Ty Dellandrea wins face-off versus Gaetan Haas in Marlies zone.
0:31 of 2nd period - Off-side.
0:32 of 2nd period - Philipp Kurashev wins face-off versus Gaetan Haas in neutral zone.
1:02 of 2nd period - Jack Rathbone is hit by Kyle Clifford and loses puck.
2:31 of 2nd period - Shot by Ryan McGregor.
2:31 of 2nd period - Stopped by Adam Werner without a rebound.
2:32 of 2nd period - Damien Giroux wins face-off versus Ty Dellandrea in Marlies zone.
2:33 of 2nd period - Shot by Jonas Siegenthaler.
2:33 of 2nd period - Deflect By Damien Giroux.
2:33 of 2nd period - Shot Misses the Net.
2:35 of 2nd period - Shot by Justin Abdelkader.
2:35 of 2nd period - Shot Misses the Net.
3:01 of 2nd period - Shot by Damien Giroux.
3:01 of 2nd period - Shot Misses the Net.
3:35 of 2nd period - Cody Goloubef is hit by Brett Leason and loses puck.
3:56 of 2nd period - Shot by K'Andre Miller.
3:56 of 2nd period - Shot Misses the Net.
3:58 of 2nd period - Shot by Ryan McGregor.
3:58 of 2nd period - Deflect By Justin Dowling.
3:58 of 2nd period - Shot Misses the Net.
4:27 of 2nd period - Shot by Ryan McGregor.
4:27 of 2nd period - Stopped by Adam Werner without a rebound.
4:28 of 2nd period - Frederik Gauthier wins face-off versus Gaetan Haas in Marlies zone.
4:52 of 2nd period - Frederik Gauthier is hit by Michael McLeod and loses puck.
5:02 of 2nd period - Icing by Dennis Cholowski.
5:03 of 2nd period - Frederik Gauthier wins face-off versus Shane Pinto in Marlies zone.
5:03 of 2nd period - Frederik Gauthier is hit by Brett Leason.
6:29 of 2nd period - Shot by Ryan McGregor.
6:29 of 2nd period - Shot Misses the Net.
6:39 of 2nd period - Shot by Justin Dowling.
6:39 of 2nd period - Stopped by Adam Werner without a rebound.
6:40 of 2nd period - Gaetan Haas wins face-off versus Mitchell Stephens in Marlies zone.
6:42 of 2nd period - Nolan Foote is hit by Cody Goloubef.
6:58 of 2nd period - Icing by Cody Goloubef.
6:59 of 2nd period - Mitchell Stephens wins face-off versus Damien Giroux in Marlies zone.
7:40 of 2nd period - Off-side.
7:41 of 2nd period - Ty Dellandrea wins face-off versus Shane Pinto in neutral zone.
8:02 of 2nd period - Icing by K'Andre Miller.
8:03 of 2nd period - Shane Pinto wins face-off versus Frederik Gauthier in Rockets zone.
8:18 of 2nd period - Shot by Carl Grundstrom.
8:18 of 2nd period - Shot Misses the Net.
9:06 of 2nd period - Shot by Justin Dowling.
9:06 of 2nd period - Shot Blocked by Nikita Okhotiuk.
9:36 of 2nd period - Ty Dellandrea is hit by Gaetan Haas and loses puck.
9:42 of 2nd period - Icing by Dennis Cholowski.
9:43 of 2nd period - Damien Giroux wins face-off versus Ty Dellandrea in Marlies zone.
10:44 of 2nd period - Icing by Mikko Kokkonen.
10:45 of 2nd period - Rhett Gardner wins face-off versus Shane Pinto in Rockets zone.
11:00 of 2nd period - Shot by Mitchell Stephens.
11:00 of 2nd period - Shot Blocked by Jonas Siegenthaler.
11:35 of 2nd period - Shot by Justin Dowling.
11:35 of 2nd period - Stopped by Adam Werner with a rebound.
11:37 of 2nd period - Shot by Tobias Bjornfot.
11:37 of 2nd period - Shot Misses the Net.
11:39 of 2nd period - Shot by Ryan McGregor.
11:39 of 2nd period - Deflect By Justin Dowling.
11:39 of 2nd period - Shot Blocked by Cody Goloubef.
11:41 of 2nd period - Shot by Justin Dowling.
11:41 of 2nd period - Shot Misses the Net.
11:43 of 2nd period - Shot by Justin Dowling.
11:43 of 2nd period - Shot Misses the Net.
11:45 of 2nd period - Shot by Jayden Halbgewachs.
11:45 of 2nd period - Stopped by Adam Werner without a rebound.
11:46 of 2nd period - Shane Bowers wins face-off versus Gaetan Haas in Marlies zone.
12:11 of 2nd period - Shot by Jonathan Gruden.
12:11 of 2nd period - Shot Misses the Net.
12:13 of 2nd period - Shot by Shane Bowers.
12:13 of 2nd period - Stopped by Cayden Primeau without a rebound.
12:14 of 2nd period - Frederik Gauthier wins face-off versus Justin Dowling in Rockets zone.
12:14 of 2nd period - Gabriel Bourque is hit by Tobias Bjornfot and loses puck.
12:18 of 2nd period - Kyle Clifford is hit by Tobias Bjornfot and loses puck.
12:23 of 2nd period - Shot by Gabriel Bourque.
12:23 of 2nd period - Shot Misses the Net.
12:29 of 2nd period - Shot by Frederik Gauthier.
12:29 of 2nd period - Shot Blocked by Tobias Bjornfot.
12:44 of 2nd period - Frederik Gauthier is hit by Justin Dowling and loses puck.
13:19 of 2nd period - Off-side.
13:20 of 2nd period - Mitchell Stephens wins face-off versus Gaetan Haas in neutral zone.
13:32 of 2nd period - Michael McLeod is hit by Cody Goloubef and loses puck.
13:57 of 2nd period - Shot by Gaetan Haas.
13:57 of 2nd period - Shot Misses the Net.
14:31 of 2nd period - Minor Penalty to Brett Leason for Interference.
14:32 of 2nd period - Carl Grundstrom wins face-off versus Ty Dellandrea in Rockets zone.
14:32 of 2nd period - Carl Grundstrom is hit by Ty Dellandrea.
15:43 of 2nd period - Shot by Arnaud Durandeau.
15:43 of 2nd period - Shot Misses the Net.
15:45 of 2nd period - Shot by Frederik Gauthier.
15:45 of 2nd period - Shot Misses the Net.
16:14 of 2nd period - Shot by Philipp Kurashev.
16:14 of 2nd period - Stopped by Cayden Primeau without a rebound.
16:15 of 2nd period - Shane Pinto wins face-off versus Shane Bowers in Rockets zone.
16:25 of 2nd period - Icing by Dennis Cholowski.
16:26 of 2nd period - Shane Pinto wins face-off versus Shane Bowers in Marlies zone.
16:34 of 2nd period - Mitchell Stephens is hit by Justin Abdelkader and loses puck.
16:43 of 2nd period - Oskar Steen is hit by Justin Abdelkader and loses puck.
16:48 of 2nd period - Shot by Justin Abdelkader.
16:48 of 2nd period - Stopped by Adam Werner without a rebound.
16:49 of 2nd period - Ty Dellandrea wins face-off versus Justin Dowling in Marlies zone.
17:08 of 2nd period - Shot by Parker Kelly.
17:08 of 2nd period - Stopped by Cayden Primeau without a rebound.
17:09 of 2nd period - Frederik Gauthier wins face-off versus Nolan Foote in Rockets zone.
17:16 of 2nd period - Shot by Kyle Clifford.
17:16 of 2nd period - Shot Misses the Net.
17:31 of 2nd period - Nolan Foote is hit by Cody Goloubef and loses puck.
18:05 of 2nd period - Shot by Ty Dellandrea.
18:05 of 2nd period - Shot Blocked by Jonathan Ericsson.
18:07 of 2nd period - Shot by Parker Kelly.
18:07 of 2nd period - Stopped by Cayden Primeau without a rebound.
18:08 of 2nd period - Shane Bowers wins face-off versus Shane Pinto in Rockets zone.
18:13 of 2nd period - Shot by Jonathan Gruden.
18:13 of 2nd period - Stopped by Cayden Primeau without a rebound.
18:14 of 2nd period - Ty Dellandrea wins face-off versus Shane Pinto in Rockets zone.
18:15 of 2nd period - Shot by Philipp Kurashev.
18:15 of 2nd period - Stopped by Cayden Primeau with a rebound.
18:17 of 2nd period - Shot by Parker Kelly.
18:17 of 2nd period - Shot Misses the Net.
18:23 of 2nd period - Shot by Philipp Kurashev.
18:23 of 2nd period - Shot Misses the Net.
18:26 of 2nd period - Ty Dellandrea is hit by Jack Rathbone and loses puck.
18:30 of 2nd period - Philipp Kurashev is hit by Tobias Bjornfot and loses puck.
18:36 of 2nd period - Icing by Jack Rathbone.
18:37 of 2nd period - Shane Pinto wins face-off versus Shane Bowers in Rockets zone.
18:37 of 2nd period - Shane Pinto is hit by Arnaud Durandeau.
18:43 of 2nd period - Shot by Carl Grundstrom.
18:43 of 2nd period - Stopped by Adam Werner without a rebound.
18:44 of 2nd period - Justin Dowling wins face-off versus Frederik Gauthier in Marlies zone.
19:42 of 2nd period - Shot by Parker Kelly.
19:42 of 2nd period - Stopped by Cayden Primeau without a rebound.
19:43 of 2nd period - Gaetan Haas wins face-off versus Shane Bowers in Rockets zone.
Goals for this period are 0 for Marlies vs 0 for Rockets.
Shots for this period are 7 for Marlies vs 9 for Rockets.

3rd period


0:01 of 3rd period - Gaetan Haas wins face-off versus Ty Dellandrea in neutral zone.
0:01 of 3rd period - Michael McLeod is hit by Ty Dellandrea and loses puck.
0:35 of 3rd period - Icing by Gaetan Haas.
0:36 of 3rd period - Kyle Clifford wins face-off versus Nolan Foote in Rockets zone.
0:36 of 3rd period - Gabriel Bourque is hit by Tobias Bjornfot and loses puck.
1:26 of 3rd period - Shot by Shane Pinto.
1:26 of 3rd period - Stopped by Adam Werner without a rebound.
1:27 of 3rd period - Justin Dowling wins face-off versus Ty Dellandrea in Marlies zone.
1:48 of 3rd period - Shot by Philipp Kurashev.
1:48 of 3rd period - Shot Misses the Net.
2:02 of 3rd period - Shot by Ty Dellandrea.
2:02 of 3rd period - Stopped by Cayden Primeau with a rebound.
2:04 of 3rd period - Shot by Parker Kelly.
2:04 of 3rd period - Stopped by Cayden Primeau without a rebound.
2:05 of 3rd period - Shane Pinto wins face-off versus Shane Bowers in Rockets zone.
2:11 of 3rd period - Off-side.
2:12 of 3rd period - Gaetan Haas wins face-off versus Jonathan Gruden in neutral zone.
2:36 of 3rd period - Shot by Shane Bowers.
2:36 of 3rd period - Goal by Shane Bowers - Marlies : 1 - Rockets : 1.
2:37 of 3rd period - Shane Pinto wins face-off versus Frederik Gauthier in neutral zone.
2:37 of 3rd period - Minor Penalty to Frederik Gauthier for Cross-checking.
2:38 of 3rd period - Shane Pinto wins face-off versus Oskar Steen in Marlies zone.
2:42 of 3rd period - Brett Leason is hit by Cody Goloubef.
2:56 of 3rd period - Shot by Shane Pinto.
2:56 of 3rd period - Shot Misses the Net.
2:58 of 3rd period - Shot by Carl Grundstrom.
2:58 of 3rd period - Shot Misses the Net.
3:00 of 3rd period - Shot by Shane Pinto.
3:00 of 3rd period - Shot Misses the Net.
3:06 of 3rd period - Shot by Tobias Bjornfot.
3:06 of 3rd period - Stopped by Adam Werner without a rebound.
3:07 of 3rd period - Gaetan Haas wins face-off versus Kyle Clifford in Marlies zone.
3:29 of 3rd period - Shot by Gaetan Haas.
3:29 of 3rd period - Stopped by Adam Werner without a rebound.
3:30 of 3rd period - Shane Pinto wins face-off versus Oskar Steen in Marlies zone.
3:35 of 3rd period - Shot by Tobias Bjornfot.
3:35 of 3rd period - Shot Blocked by Cody Goloubef.
3:37 of 3rd period - Shot by Shane Pinto.
3:37 of 3rd period - Stopped by Adam Werner without a rebound.
3:38 of 3rd period - Oskar Steen wins face-off versus Shane Pinto in Marlies zone.
3:40 of 3rd period - Philipp Kurashev is hit by Carl Grundstrom.
3:45 of 3rd period - Icing by Jack Rathbone.
3:46 of 3rd period - Shane Pinto wins face-off versus Oskar Steen in Rockets zone.
5:02 of 3rd period - Shot by Gaetan Haas.
5:02 of 3rd period - Shot Blocked by Cody Goloubef.
5:30 of 3rd period - Shot by Kyle Clifford.
5:30 of 3rd period - Stopped by Cayden Primeau without a rebound.
5:31 of 3rd period - Justin Dowling wins face-off versus Ty Dellandrea in Rockets zone.
5:53 of 3rd period - Shot by Justin Dowling.
5:53 of 3rd period - Deflect By Jayden Halbgewachs.
5:53 of 3rd period - Shot Misses the Net.
5:55 of 3rd period - Shot by K'Andre Miller.
5:55 of 3rd period - Shot Misses the Net.
6:05 of 3rd period - Shot by Ryan McGregor.
6:05 of 3rd period - Shot Misses the Net.
6:07 of 3rd period - Shot by Justin Dowling.
6:07 of 3rd period - Shot Misses the Net.
6:09 of 3rd period - Shot by K'Andre Miller.
6:09 of 3rd period - Shot Blocked by Nikita Okhotiuk.
7:04 of 3rd period - Shane Pinto is hit by Kyle Clifford and loses puck.
7:33 of 3rd period - Shane Pinto is hit by Oskar Steen and loses puck.
8:05 of 3rd period - Icing by Mikko Kokkonen.
8:06 of 3rd period - Gaetan Haas wins face-off versus Shane Bowers in Rockets zone.
9:15 of 3rd period - Shot by Justin Dowling.
9:15 of 3rd period - Shot Misses the Net.
9:36 of 3rd period - Icing by Justin Dowling.
9:37 of 3rd period - Jayden Halbgewachs wins face-off versus Kyle Clifford in Rockets zone.
9:37 of 3rd period - Jayden Halbgewachs is hit by Gabriel Bourque.
9:50 of 3rd period - Off-side.
9:51 of 3rd period - Shane Pinto wins face-off versus Philipp Kurashev in neutral zone.
10:03 of 3rd period - Icing by Devante Stephens.
10:04 of 3rd period - Ty Dellandrea wins face-off versus Gaetan Haas in Marlies zone.
10:06 of 3rd period - Icing by Philipp Kurashev.
10:07 of 3rd period - Gaetan Haas wins face-off versus Ty Dellandrea in Marlies zone.
10:31 of 3rd period - Minor Penalty to Michael McLeod for Hooking.
10:32 of 3rd period - Shane Pinto wins face-off versus Frederik Gauthier in Rockets zone.
10:47 of 3rd period - Shot by Carl Grundstrom.
10:47 of 3rd period - Stopped by Adam Werner without a rebound.
10:48 of 3rd period - Shane Pinto wins face-off versus Ty Dellandrea in Marlies zone.
11:09 of 3rd period - Shot by Shane Pinto.
11:09 of 3rd period - Shot Misses the Net.
11:50 of 3rd period - Shot by Samuel Morin.
11:50 of 3rd period - Stopped by Cayden Primeau without a rebound.
11:51 of 3rd period - Carl Grundstrom wins face-off versus Shane Bowers in Rockets zone.
12:00 of 3rd period - Jonas Siegenthaler is hit by Frederik Gauthier and loses puck.
12:51 of 3rd period - Minor Penalty to Nikita Okhotiuk for Hooking.
12:52 of 3rd period - Gaetan Haas wins face-off versus Mitchell Stephens in Marlies zone.
12:59 of 3rd period - Shot by Tobias Bjornfot.
12:59 of 3rd period - Stopped by Adam Werner with a rebound.
13:01 of 3rd period - Shot by Nolan Foote.
13:01 of 3rd period - Shot Misses the Net.
13:03 of 3rd period - Shot by Tobias Bjornfot.
13:03 of 3rd period - Goal by Tobias Bjornfot - Marlies : 1 - Rockets : 2.
13:04 of 3rd period - Justin Dowling wins face-off versus Ty Dellandrea in neutral zone.
13:07 of 3rd period - Ty Dellandrea is hit by Ryan McGregor and loses puck.
13:17 of 3rd period - Icing by Nikita Okhotiuk.
13:18 of 3rd period - Shane Pinto wins face-off versus Ty Dellandrea in Marlies zone.
13:32 of 3rd period - Shane Pinto is hit by Nikita Okhotiuk.
13:40 of 3rd period - Shot by Brett Leason.
13:40 of 3rd period - Deflect By Shane Pinto.
13:40 of 3rd period - Stopped by Adam Werner without a rebound.
13:41 of 3rd period - Frederik Gauthier wins face-off versus Nolan Foote in Marlies zone.
13:50 of 3rd period - K'Andre Miller is hit by Kyle Clifford and loses puck.
14:09 of 3rd period - Shot by Nolan Foote.
14:09 of 3rd period - Stopped by Adam Werner with a rebound.
14:11 of 3rd period - Shot by Gaetan Haas.
14:11 of 3rd period - Stopped by Adam Werner without a rebound.
14:12 of 3rd period - Mitchell Stephens wins face-off versus Shane Pinto in Marlies zone.
14:20 of 3rd period - Icing by Mitchell Stephens.
14:21 of 3rd period - Mitchell Stephens wins face-off versus Shane Pinto in Marlies zone.
14:28 of 3rd period - Shot by Rhett Gardner.
14:28 of 3rd period - Deflect By Oskar Steen.
14:28 of 3rd period - Stopped by Cayden Primeau without a rebound.
14:29 of 3rd period - Nolan Foote wins face-off versus Frederik Gauthier in Rockets zone.
14:33 of 3rd period - Gaetan Haas is hit by Samuel Morin and loses puck.
14:45 of 3rd period - Michael McLeod is hit by Samuel Morin and loses puck.
14:58 of 3rd period - Shot by Michael McLeod.
14:58 of 3rd period - Stopped by Adam Werner without a rebound.
14:59 of 3rd period - Mitchell Stephens wins face-off versus Shane Pinto in Marlies zone.
15:23 of 3rd period - Icing by Jack Rathbone.
15:24 of 3rd period - Ty Dellandrea wins face-off versus Shane Pinto in Rockets zone.
15:28 of 3rd period - Icing by Jack Rathbone.
15:29 of 3rd period - Shane Pinto wins face-off versus Frederik Gauthier in Rockets zone.
15:41 of 3rd period - Shot by Carl Grundstrom.
15:41 of 3rd period - Stopped by Adam Werner without a rebound.
15:42 of 3rd period - Ty Dellandrea wins face-off versus Gaetan Haas in Marlies zone.
15:42 of 3rd period - Ty Dellandrea is hit by Michael McLeod.
15:48 of 3rd period - Shot by K'Andre Miller.
15:48 of 3rd period - Deflect By Nolan Foote.
15:48 of 3rd period - Shot Blocked by Cody Goloubef.
15:54 of 3rd period - Shot by Michael McLeod.
15:54 of 3rd period - Stopped by Adam Werner without a rebound.
15:55 of 3rd period - Shane Pinto wins face-off versus Frederik Gauthier in Marlies zone.
16:00 of 3rd period - Shot by Jonas Siegenthaler.
16:00 of 3rd period - Stopped by Adam Werner without a rebound.
16:01 of 3rd period - Frederik Gauthier wins face-off versus Gaetan Haas in Marlies zone.
16:01 of 3rd period - Frederik Gauthier is hit by Michael McLeod.
16:14 of 3rd period - Gabriel Bourque is hit by Mikko Kokkonen and loses puck.
16:15 of 3rd period - Minor Penalty to Jonas Siegenthaler for Roughing.
16:16 of 3rd period - Ty Dellandrea wins face-off versus Carl Grundstrom in Rockets zone.
16:58 of 3rd period - Philipp Kurashev is hit by Jack Rathbone.
17:41 of 3rd period - Shot by Samuel Morin.
17:41 of 3rd period - Shot Misses the Net.
17:53 of 3rd period - Icing by Parker Kelly.
17:54 of 3rd period - Carl Grundstrom wins face-off versus Philipp Kurashev in Marlies zone.
18:20 of 3rd period - Oskar Steen is hit by K'Andre Miller and loses puck.
18:26 of 3rd period - Off-side.
18:27 of 3rd period - Justin Dowling wins face-off versus Frederik Gauthier in neutral zone.
19:22 of 3rd period - Shot by Shane Pinto.
19:22 of 3rd period - Shot Misses the Net.
19:24 of 3rd period - Shot by Michael McLeod.
19:24 of 3rd period - Stopped by Adam Werner without a rebound.
19:25 of 3rd period - Shane Pinto wins face-off versus Ty Dellandrea in Marlies zone.
19:28 of 3rd period - Shot by K'Andre Miller.
19:28 of 3rd period - Shot Misses the Net.
19:37 of 3rd period - Shane Pinto is hit by Samuel Morin and loses puck.
19:56 of 3rd period - Shot by Jonas Siegenthaler.
19:56 of 3rd period - Stopped by Adam Werner without a rebound.
19:57 of 3rd period - Frederik Gauthier wins face-off versus Shane Pinto in Marlies zone.
Goals for this period are 1 for Marlies vs 1 for Rockets.
Shots for this period are 6 for Marlies vs 16 for Rockets.